Map: 凯罗斯中转站-天梯版

Players

GogojOey

  • Race: Zerg Zerg

INnoVation - Winner!

  • Race: Terran Terran
  • League: Diamond

Event: WESG 2018 Grand Finals

VOD

Have the link to the VOD?

Description

Time

  • Played on: March 12, 2019, 7:01 a.m.
  • Length: 8:04

All games in this series

Show
View Real Time Build Order
Export as new Build Order

GogojOey Zerg 

Build Orders: Pool First, Roach Nydus 

Get SALT Encoding   

  12  0:00  Drone  
  13  0:12  Overlord  
  13  0:16  Drone  
  14  0:30  Drone  
  14  0:31  Drone  
  14  0:35  Drone  
  17  0:46  Spawning Pool  
  17  0:49  Drone  
  17  1:09  Hatchery  
  16  1:12  Drone  
  17  1:26  Extractor  
  16  1:33  Queen, Zergling x6  
  21  1:44  Overlord  
  21  1:59  Drone  
  22  2:06  Drone  
  23  2:10  Queen  
  25  2:17  Drone  
  25  2:22  Queen, Drone  
  29  2:27  Roach Warren  
  28  2:30  Drone  
  28  2:35  Drone  
  30  2:38  Drone  
  30  2:43  Overlord  
  31  2:47  Drone  
  32  2:54  Overlord  
  32  3:08  Roach x3  
  32  3:11  Roach  
  40  3:16  Roach  
  42  3:21  Drone  
  42  3:22  Drone x2  
  45  3:27  Drone x2  
  45  3:33  Drone  
  45  3:34  Drone x2  
  50  3:40  Overlord  
  50  3:44  Drone  
  50  3:45  Drone  
  52  3:58  Hatchery  
  52  4:00  Metabolic Boost  
  51  4:08  Overlord  
  51  4:09  Drone x2  
  53  4:16  Overlord x2  
  53  4:19  Overlord  
  53  4:23  Ravager  
  50  4:28  Drone x2  
  50  4:29  Lair  
  50  4:31  Extractor  
  51  4:32  Extractor  
  51  4:34  Drone x2  
  51  4:36  Drone  
  51  4:38  Drone  
  54  4:39  Drone  
  54  4:43  Drone x2  
  56  4:50  Roach x3  
  53  4:55  Spore Crawler  
  53  4:57  Spore Crawler  
  51  5:00  Queen  
  51  5:03  Roach  
  55  5:11  Drone x2  
  55  5:12  Roach x2  
  59  5:26  Overseer  
  59  5:29  Overseer  
  59  5:30  Queen  
  61  5:37  Queen  
  61  5:40  Nydus Network  
  62  5:45  Roach x2, Zergling x8  
  62  5:48  Overlord  
  70  5:52  Overlord  
  70  5:55  Overlord  
  70  6:01  Overlord  
  70  6:10  Overlord x2  
  69  6:12  Roach x2  
  69  6:17  Ravager x2  
  72  6:24  Zergling x2  
  72  6:25  Roach x3, Zergling x4  
  79  6:30  Zergling x6  
  78  6:37  Roach x2, Zergling x2  
  69  6:40  Roach, Zergling x2  
  69  6:44  Nydus Canal  
  72  6:49  Queen  
  72  6:52  Roach x2  
  72  6:53  Overlord  
  78  6:55  Drone  
  80  7:08  Ravager  
  80  7:13  Nydus Canal  
  80  7:16  Hatchery  
  80  7:17  Ravager  
  80  7:18  Ravager, Zergling x6  
  80  7:19  Zergling x6  
  87  7:26  Zergling x6  
  90  7:36  Zergling x4  
Show
View Real Time Build Order
Export as new Build Order

INnoVation Terran - Winner!

Build Orders: Gas First Reaper Expand, Banshee Rush 

Get SALT Encoding   

  12  0:00  SCV  
  13  0:13  SCV  
  14  0:17  Supply Depot  
  14  0:25  SCV  
  14  0:27  Refinery  
  15  0:38  SCV  
  16  0:44  Barracks  
  16  0:50  SCV  
  17  1:02  SCV  
  18  1:14  SCV  
  19  1:31  Reaper, Orbital Command  
  20  1:42  Command Center  
  20  1:53  Factory  
  20  1:56  SCV  
  21  2:05  Barracks Reactor  
  21  2:08  SCV  
  21  2:13  Supply Depot  
  21  2:20  SCV  
  21  2:22  Refinery  
  22  2:32  SCV  
  23  2:43  Starport  
  23  2:45  Hellion x2, SCV  
  28  2:53  Orbital Command  
  28  2:56  Barracks Tech Lab  
  28  2:58  SCV  
  29  3:10  Hellion x2  
  33  3:13  SCV  
  33  3:19  SCV  
  35  3:25  Viking  
  37  3:29  SCV  
  37  3:31  SCV  
  39  3:35  Supply Depot  
  39  3:41  Factory Tech Lab, Cloaking Field, Marine x2  
  39  3:45  SCV x2  
  43  3:55  Banshee  
  45  3:59  Marine x2  
  47  4:05  Supply Depot  
  47  4:08  Siege Tank  
  50  4:11  Orbital Command  
  50  4:17  Marine x2  
  47  4:28  Supply Depot  
  47  4:37  SCV  
  47  4:38  Banshee, SCV  
  52  4:42  Marine x2  
  53  4:54  SCV x2  
  53  4:57  Siege Tank  
  53  4:59  Supply Depot  
  58  5:00  Marine x2  
  58  5:06  SCV x2  
  62  5:20  Banshee, Marine x2, SCV x2  
  69  5:23  Supply Depot  
  69  5:33  SCV  
  69  5:35  Supply Depot  
  70  5:45  Marine x2, Siege Tank, SCV x2  
  70  5:47  Command Center  
  77  5:55  Supply Depot  
  77  5:57  SCV x2  
  77  6:00  Supply Depot  
  79  6:09  SCV  
  78  6:11  SCV  
  78  6:14  Barracks  
  78  6:15  Starport Reactor  
  78  6:16  Bunker, Marine  
  78  6:17  Siege Tank  
  83  6:21  SCV  
  82  6:26  SCV  
  82  6:27  Refinery  
  82  6:29  Refinery  
  76  6:33  SCV  
  76  6:34  Marine  
  76  6:38  SCV  
  73  6:44  Engineering Bay x2  
  73  6:45  SCV  
  72  6:49  Siege Tank  
  72  6:50  SCV  
  72  6:51  Barracks  
  72  6:52  Marine  
  77  6:58  SCV  
  77  7:01  Orbital Command  
  78  7:02  SCV  
  78  7:03  Marine x2  
  81  7:09  Starport Reactor  
  81  7:10  SCV  
  82  7:18  Marine  
  82  7:20  SCV  
  82  7:21  Marine x2  
  82  7:22  SCV  
  87  7:29  Siege Tank  
  90  7:33  SCV x2  
  90  7:34  SCV  
  90  7:36  Marine  
  94  7:38  Barracks  
  94  7:39  Marine x2  
  94  7:40  Barracks  
  96  7:49  SCV x2  
  101  8:00  Supply Depot  
Tags
 
Add a new tag
Caveats
  • Supply blocks, unpowered buildings, or Contaminate may cause inaccurate times.
  • Supply counts are checked every 10 seconds.